 Dungeon Crawl Stone Soup version 0.32-a0-131-g9dbbe29261 (webtiles) character file.

Game seed: 9031375526742345857

65 hipposaver the Trooper (level 3, -3/31 HPs)
             Began as a Demigod Fighter on Feb 8, 2024.
             Slain by Natasha (4 damage)
             ... on level 2 of the Dungeon.
             The game lasted 00:02:49 (656 turns).

hipposaver the Trooper (Demigod Fighter)             Turns: 656, Time: 00:02:49

Health: -3/31      AC:  6    Str: 17    XL:     3   Next: 66%
Magic:  6/6        EV:  9    Int: 14    God:
Gold:   79         SH:  4    Dex: 13    Spells: 3/3 levels left

rFire   . . .        a - +0 war axe
rCold   . . .        c - +0 buckler
rNeg    . . .        b - +0 scale mail
rPois   .            (no helmet)
rElec   .            (no cloak)
rCorr   .            (no gloves)
SInv    .            (no boots)
Will    .....        (no amulet) Stlth
                     (no ring)
HPRegen 0.25/turn    (no ring)
MPRegen 0.10/turn

%: no passive effects
@: slowed, very slow
A: high MP 1, forlorn, divine attributes
a: no special abilities


You were on level 2 of the Dungeon.
You visited 1 branch of the dungeon, and saw 2 of its levels.

You collected 79 gold pieces.

Inventory:

Hand Weapons
 a - a +0 war axe (weapon)
Armour
 b - a +0 scale mail (worn)
 c - a +0 buckler (worn)
Scrolls
 e - a scroll of teleportation
 f - a scroll of identify
Potions
 d - a potion of might
 j - 2 potions of enlightenment
 k - a potion of lignification


   Skills:
 + Level 3.2 Fighting
 + Level 2.4 Axes
 + Level 3.2 Armour
 - Level 3.0 Shields
 + Level 0.6 Spellcasting


You had 3 spell levels left.
You didn't know any spells.
Your spell library contained the following spells:

 Spells                   Type           Power      Damage    Failure   Level
 Magic Dart               Conj           0%         1d3       75%         1
 Searing Ray              Conj           0%         2d4       87%         2
 Tukima's Dance           Hex            0%         N/A       98%         3
 Dimensional Bullseye     Hex/Tloc       0%         N/A       100%        4
 Fulminant Prism          Conj/Alch      0%         3d5       100%        4
 Iskenderun's Mystic Bla  Conj/Tloc      0%         2d3       100%        4


Dungeon Overview and Level Annotations

Branches:
Dungeon (2/15)

Annotations:
D:2 Natasha


Innate Abilities, Weirdness & Mutations

You have an increased reservoir of magic. (+10% MP)
You shall have no god before yourself.
Your divine heritage dramatically boosts your attributes as you level up.


Message History

Natasha casts a spell at you. The magic dart hits you.
* * * LOW HITPOINT WARNING * * *
You block the cerulean imp's attack. Natasha claws you.
* * * LOW HITPOINT WARNING * * *
You closely miss Natasha.
Natasha is heavily wounded.
The cerulean imp closely misses you. You block Natasha's attack.
You block the cerulean imp's attack. Natasha claws you but does no damage.
You hit Natasha.
Natasha is severely wounded.
The cerulean imp closely misses you. Natasha misses you.
The cerulean imp hits you but does no damage.
Natasha casts a spell.
You barely miss Natasha.
Natasha is severely wounded.
The cerulean imp hits you but does no damage.
Natasha misses you.
The cerulean imp hits you but does no damage.
Natasha mumbles some strange words.
The cerulean imp closely misses you. x2
You closely miss Natasha.
Natasha is severely wounded.
You block Natasha's attack.
The cerulean imp hits you from afar with a +0 spear.
* * * LOW HITPOINT WARNING * * *
The cerulean imp hits you but does no damage. x2
Natasha claws you but does no damage.
The cerulean imp hits you but does no damage. x2
You block the cerulean imp's attack.
Unknown command.
You closely miss Natasha.
Natasha is severely wounded.
The cerulean imp disappears in a puff of smoke!
Natasha claws you!
* * * LOW HITPOINT WARNING * * *
The cerulean imp hits you but does no damage. x2
Natasha claws you.
You die...
Natasha curls up and begins to purr.

. .. ... ....
......######
.........<.# #
.....###.%.## .#
#....@†...## ..
.....#.h.....###.#..
..# #.§55..(.......
#........####..
#..#.......†..#
...!.......###.#
##.........# ..
##......... ...
#.#......## ...


You could see Natasha and 2 cerulean imps.

Vanquished Creatures
  Natasha (D:2)
  An adder (D:2)
  A dart slug (D:1)
  A bat (D:1)
  2 giant cockroaches (D:1)
  2 goblins (D:1)
  6 hobgoblins
  4 jackals (D:1)
  2 quokkas (D:1)
  2 ball pythons (D:1)
  A frilled lizard (D:1)
  A kobold (D:1)
  2 rats
26 creatures vanquished.

Notes
Turn   | Place    | Note
-------+----------+-------------------------------------------
     0 | D:1      | hipposaver the Demigod Fighter began the quest for the Orb.
     0 | D:1      | Reached XP level 1. HP: 18/18 MP: 3/3
   107 | D:1      | Reached XP level 2. HP: 19/25 MP: 4/4
   540 | D:2      | Reached XP level 3. HP: 31/31 MP: 5/5
   554 | D:2      | Noticed Natasha
   559 | D:2      | Killed Natasha
   571 | D:2      | Noticed Natasha
   656 | D:2      | HP: 1/31 [Natasha (8)]
   656 | D:2      | Slain by Natasha

Illustrated notes

Levels and vault maps discovered:
D:1:      minmay_arrival_nine_rooms, layout_basic, kennysheep_crisscross,
          st_stairs_1, minmay_tetromino_o4
D:2:      layout_rooms, basic_altar, minmay_misc_feat_hallway, uniq_natasha

Skill      XL: |  1  2 |
---------------+-------+-----
Axes           | 2 |  2.4
Armour         | 3 |  3.2
Fighting       | 3 |  3.2
Shields        | 3 |  3.0
Spellcasting   | |  0.6

Action                     || total
---------------------------++-------
  Melee: War axe           ||    86
    Use: Scroll            ||     6
 Armour: Scale mail        ||    97
  Dodge: Dodged            ||    58
  Block: Buckler           ||    39

Table legend: (Time is in decaauts)
 A = Elapsed time spent in this place.
 B = Non-inter-level travel time spent in this place.
 C = Inter-level travel time spent in this place.
 D = Time resting spent in this place.
 E = Time spent auto-exploring this place.
 F = Levels seen in this place.
 G = Mean time per level.
                   A        B        C        D        E       F      G
               +--------+--------+--------+--------+--------+-----+--------+
         Total |    697 |    659 |     38 |     66 |    369 |   2 |  348.5 |
       Dungeon |    697 |    659 |     38 |     66 |    369 |   2 |  348.5 |
               +--------+--------+--------+--------+--------+-----+--------+

Top non-repeatable levels by time:
     D:1: 618 daAuts
     D:2: 79 daAuts
